[gd_scene load_steps=20 format=2]

[ext_resource path="res://Scripts/Zombie.gd" type="Script" id=1]
[ext_resource path="res://Assets/kenney_tooncharacters1/Zombie/PNG/Poses/character_zombie_idle.png" type="Texture" id=2]
[ext_resource path="res://Assets/kenney_tooncharacters1/Zombie/PNG/Poses/character_zombie_think.png" type="Texture" id=3]
[ext_resource path="res://Assets/kenney_tooncharacters1/Zombie/PNG/Poses/character_zombie_behindBack.png" type="Texture" id=4]
[ext_resource path="res://Assets/kenney_tooncharacters1/Zombie/PNG/Poses/character_zombie_walk0.png" type="Texture" id=5]
[ext_resource path="res://Assets/kenney_tooncharacters1/Zombie/PNG/Poses/character_zombie_walk1.png" type="Texture" id=6]
[ext_resource path="res://Assets/kenney_tooncharacters1/Zombie/PNG/Poses/character_zombie_walk2.png" type="Texture" id=7]
[ext_resource path="res://Assets/kenney_tooncharacters1/Zombie/PNG/Poses/character_zombie_walk3.png" type="Texture" id=8]
[ext_resource path="res://Assets/kenney_tooncharacters1/Zombie/PNG/Poses/character_zombie_walk4.png" type="Texture" id=9]
[ext_resource path="res://Assets/kenney_tooncharacters1/Zombie/PNG/Poses/character_zombie_walk5.png" type="Texture" id=10]
[ext_resource path="res://Assets/kenney_tooncharacters1/Zombie/PNG/Poses/character_zombie_walk6.png" type="Texture" id=11]
[ext_resource path="res://Assets/kenney_tooncharacters1/Zombie/PNG/Poses/character_zombie_walk7.png" type="Texture" id=12]
[ext_resource path="res://Assets/kenney_tooncharacters1/Zombie/PNG/Poses/character_zombie_shoveBack.png" type="Texture" id=13]
[ext_resource path="res://Assets/kenney_tooncharacters1/Zombie/PNG/Poses/character_zombie_down.png" type="Texture" id=14]
[ext_resource path="res://Assets/kenney_tooncharacters1/Zombie/PNG/Poses/character_zombie_jump.png" type="Texture" id=15]
[ext_resource path="res://Assets/kenney_tooncharacters1/Zombie/PNG/Poses/character_zombie_fall.png" type="Texture" id=16]
[ext_resource path="res://Assets/dead.wav" type="AudioStream" id=17]

[sub_resource type="SpriteFrames" id=1]
animations = [ {
"frames": [ ExtResource( 2 ), ExtResource( 3 ), ExtResource( 2 ), ExtResource( 4 ) ],
"loop": true,
"name": "idle",
"speed": 2.0
}, {
"frames": [ ExtResource( 5 ), ExtResource( 6 ), ExtResource( 7 ), ExtResource( 8 ), ExtResource( 9 ), ExtResource( 10 ), ExtResource( 11 ), ExtResource( 12 ) ],
"loop": true,
"name": "walk",
"speed": 8.0
}, {
"frames": [ ExtResource( 13 ), ExtResource( 14 ) ],
"loop": true,
"name": "dead",
"speed": 2.0
}, {
"frames": [ ExtResource( 15 ), ExtResource( 16 ) ],
"loop": true,
"name": "jump",
"speed": 2.0
} ]

[sub_resource type="RectangleShape2D" id=2]
extents = Vector2( 41.5495, 51.7694 )

[node name="Zombie" type="KinematicBody2D"]
script = ExtResource( 1 )

[node name="AnimatedSprite" type="AnimatedSprite" parent="."]
frames = SubResource( 1 )
animation = "idle"
frame = 2
playing = true

[node name="Camera2D" type="Camera2D" parent="."]
current = true

[node name="CollisionShape2D" type="CollisionShape2D" parent="."]
position = Vector2( -3.05176e-005, 13.1722 )
shape = SubResource( 2 )

[node name="Timer" type="Timer" parent="."]
wait_time = 0.5
one_shot = true

[node name="Dead" type="Node" parent="."]

[node name="AudioStreamPlayer" type="AudioStreamPlayer" parent="Dead"]
stream = ExtResource( 17 )
[connection signal="timeout" from="Timer" to="." method="_on_Timer_timeout"]
